 Dungeon Crawl Stone Soup version 0.27.1-33-g824d729ab1 (webtiles) character file.

Game seed: 2316515503977196741

332 jlumianski the Skirmisher (level 6, -6/58 HPs)
             Began as a Gargoyle Monk on Dec 18, 2021.
             Mangled by a hornet zombie (8 damage)
             ... on level 5 of the Dungeon.
             The game lasted 00:10:23 (3811 turns).

jlumianski the Skirmisher (Gargoyle Monk)           Turns: 3811, Time: 00:10:24

Health: -6/58      AC: 23    Str: 17    XL:     6   Next: 52%
Magic:  6/6        EV:  2    Int: 10    God:
Gold:   67         SH:  5    Dex: 12    Spells: 1/5 levels left

rFire    . . .     SeeInvis .   c - +4 dagger
rCold    . . .     Faith    .   (no shield)
rNeg     + + +     Spirit   .   (armour currently unavailable)
rPois    ∞         Reflect  +   (helmet currently unavailable)
rElec    .         Harm     .   (cloak currently unavailable)
rCorr    .         Rampage  .   (gloves currently unavailable)
Will     .....     NoTele   +   (boots currently unavailable)
Stlth    ++........             e - amulet of reflection
HPRegen  0.19/turn              (no ring)
MPRegen  0.10/turn              (no ring)

@: tree-form
A: stationary, stasis, torment immunity, boosted hp, sickness immunity, AC +4,
negative energy resistance 1, (electricity resistance), torment resistance 1,
petrification resistance
a: no special abilities


You were on level 5 of the Dungeon.
You were a tree.
You visited 1 branch of the dungeon, and saw 5 of its levels.

You collected 67 gold pieces.

Inventory:

Hand Weapons
 a - a +0 hand axe
 c - a +4 dagger (weapon)
 k - a +0 hunting sling
Missiles
 g - 26 bolts
 i - 133 stones (quivered)
Armour
 b - a +0 robe
 d - a +0 scale mail (melded)
 h - a +0 helmet (melded)
Jewellery
 e - an amulet of reflection (around neck)
Wands
 m - a wand of flame (11)
Scrolls
 j - 2 scrolls of teleportation
Potions
 f - a potion of attraction


   Skills:
 + Level 4.3 Fighting
 + Level 2.8 Short Blades
 + Level 3.1 Axes
 + Level 3.1 Armour
 + Level 2.9 Dodging
 + Level 2.6 Stealth
 + Level 1.8 Shields
 + Level 0.1 Evocations


You had one spell level left.
You knew the following spells:

 Your Spells              Type           Power      Damage    Failure   Level
a - Summon Lightning Spi  Summ/Air       0%         N/A       98%         4

Your spell library contained the following spells:

 Spells                   Type           Power      Damage    Failure   Level
 Ozocubu's Armour         Ice            0%         N/A       75%         3
 Metabolic Englaciation   Hex/Ice        0%         N/A       100%        5
 Simulacrum               Ice/Necr       0%         N/A       100%        6
 Storm Form               Tmut/Air       0%         N/A       100%        7
 Maxwell's Capacitive Co  Air            0%         ∞         100%        8


Dungeon Overview and Level Annotations

Branches:
Dungeon (5/15)
 Temple: D:4-7

Altars:


Innate Abilities, Weirdness & Mutations

You are a tree.
Your roots penetrate the ground, keeping you stationary.
You cannot be teleported.
You are immune to unholy pain and torment.
Your maximum health is greatly increased.
Your equipment is partially melded.
You are immune to sickness and miasma.
((Your stone body is resilient. (AC +4)))
You are immune to poison.
You resist negative energy. (rN+)
((You are resistant to electric shocks. (rElec)))
You are resistant to unholy torment.
You are immune to petrification.


Message History

The hornet zombie is moderately damaged.
The hornet zombie hits you but does no damage.
You block the hornet zombie's attack.
You puncture the hornet zombie!
The hornet zombie is heavily damaged.
The hornet zombie hits you but does no damage.
You closely miss the hornet zombie.
The hornet zombie is heavily damaged.
The hornet zombie barely misses you.
You hit the hornet zombie.
The hornet zombie is heavily damaged.
The hornet zombie hits you but does no damage.
You hit the hornet zombie.
The hornet zombie is heavily damaged.
The hornet zombie hits you!
* * * LOW HITPOINT WARNING * * *
You hit the hornet zombie but do no damage.
The hornet zombie is heavily damaged.
The hornet zombie hits you!
* * * LOW HITPOINT WARNING * * *
It was a potion of lignification.
You turn into a tree.
Your +0 helmet melds into your body.
Your +0 scale mail melds into your body.
Your roots penetrate the ground.
The hornet zombie hits you but does no damage. x2
You hit the hornet zombie but do no damage.
The hornet zombie is heavily damaged.
The hornet zombie hits you but does no damage.
You hit the hornet zombie.
The hornet zombie is severely damaged.
The hornet zombie hits you.
* * * LOW HITPOINT WARNING * * *
You hit the hornet zombie.
The hornet zombie is severely damaged.
The hornet zombie hits you but does no damage.
You closely miss the hornet zombie.
The hornet zombie is severely damaged.
You hear the slow rusting of a drain very nearby.
The hornet zombie hits you!
You die...

##.......## #
#.........#
.+.........+
..........# #.....!.#
#>....# #...# #Z#
##♣## ##.#.###
#.###..# ##.#.#.#
######......#
..........#.########.#
########.##<.........#
###.##.#..#######
#..........#


You could see a hornet zombie.

Vanquished Creatures
  A necrophage (D:3)
  An ogre (D:4)
  Jessica (D:2)
  An orc wizard (D:4)
  2 adders (D:4)
  An ufetubus (D:4)
  A worm (D:2)
  2 dart slugs
  3 orcs
  5 ball pythons
  4 endoplasms
  2 giant cockroaches
  6 goblins
  4 hobgoblins
  6 jackals (D:2)
  4 quokkas
  6 bats
  A frilled lizard (D:3)
  3 kobolds
  8 rats
62 creatures vanquished.

Vanquished Creatures (others)
  An orc wizard (D:4)
1 creature vanquished.

Grand Total: 63 creatures vanquished

Notes
Turn   | Place    | Note
-------+----------+-------------------------------------------
     0 | D:1      | jlumianski the Gargoyle Monk began the quest for the Orb.
     0 | D:1      | Reached XP level 1. HP: 14/14 MP: 1/1
   306 | D:1      | Reached XP level 2. HP: 19/19 MP: 2/2
  1295 | D:2      | Reached XP level 3. HP: 21/23 MP: 3/3
  1502 | D:2      | Noticed Jessica
  1509 | D:2      | Killed Jessica
  1510 | D:2      | Reached skill level 1 in Short Blades
  1524 | D:2      | Reached XP level 4. HP: 29/29 MP: 4/4
  1690 | D:2      | Found a faded altar of an unknown god.
  1722 | D:2      | Reached skill level 1 in Armour
  3092 | D:3      | Noticed a necrophage
  3113 | D:3      | Killed a necrophage
  3114 | D:3      | Reached skill level 4 in Fighting
  3114 | D:3      | Reached skill level 1 in Shields
  3114 | D:3      | Reached XP level 5. HP: 27/33 MP: 5/5
  3345 | D:4      | Reached XP level 6. HP: 24/38 MP: 6/6
  3521 | D:4      | Learned a level 4 spell: Summon Lightning Spire
  3758 | D:5      | Entered Level 5 of the Dungeon
  3806 | D:5      | HP: 1/39 [hornet zombie (7)]
  3811 | D:5      | Mangled by a hornet zombie

Illustrated notes

Levels and vault maps discovered:
D:1:      heliophobic_arrival_glass_houses, layout_loops_corners
D:2:      layout_basic, basic_ecumenical_altar, uniq_jessica
D:3:      kb_forest_paths, layout_basic
D:4:      layout_loops_ring, sigmund_army, uniq_robin, uniq_grinder
D:5:      layout_loops_corners, gup_sewer_entry_bowl, small_statue_alley_b,
          minmay_strange_pillars, uniq_sigmund

Skill      XL: |  1  2  3  4  5  6 |
---------------+-------------------+-----
Axes           | 3 |  3.1
Short Blades   | 1 2 |  2.8
Armour         | 2 3 |  3.1
Fighting       | 4 |  4.3
Shields        | 1 |  1.8
Dodging        | |  2.9
Stealth        | |  2.6
Evocations     | |  0.1

Action                   |  1- 3 |  4- 6 || total
-------------------------+-------+-------++-------
Melee: Dagger            |    72 |   195 ||   267
       Hand axe          |     3 |       ||     3
Throw: Stone             |     1 |       ||     1
Evoke: Wand              |       |     4 ||     4
  Use: Scroll            |       |     5 ||     5
       Potion            |       |     1 ||     1
Armor: Scale mail        |    20 |    83 ||   103
       Robe              |     1 |       ||     1
       Skin              |       |     4 ||     4
Dodge: Dodged            |    25 |    68 ||    93
Block: Other             |    14 |    33 ||    47
